 Dungeon Crawl Stone Soup version 0.19-a0-1895-g783e625 (console) character file.

344 ChaseSP the Spear-Bearer (level 6, -3/44 HPs)
             Began as a Merfolk Gladiator on Oct 18, 2016.
             Slain by Natasha (10 damage)
             ... on level 3 of the Dungeon.
             The game lasted 00:06:28 (2296 turns).

ChaseSP the Spear-Bearer (Merfolk Gladiator)        Turns: 2296, Time: 00:06:29

Health: -3/44      AC:  0    Str: 15    XL:     6   Next: 58%
Magic:  6/6        EV: 17    Int:  7    God:
Gold:   124        SH:  0    Dex: 17    Spells: 0 memorised, 5 levels left

rFire  . . .     SeeInvis .     (weapon currently unavailable)
rCold  . . .     Gourm    .     (armour currently unavailable)
rNeg   . . .     Faith    .     (shield currently unavailable)
rPois  .         Spirit   .     (helmet currently unavailable)
rElec  .         Reflect  .     (cloak currently unavailable)
rCorr  .         Harm     .     (gloves currently unavailable)
MR     .....                    (boots currently unavailable)
Stlth  ++........               (no amulet)
                                (ring currently unavailable)
                                (ring currently unavailable)

@: pig-form (expiring), very quick
A: (change form in water), (swift swim), (stealthy swim)
a: no special abilities


You were on level 3 of the Dungeon.
You were hungry.
You were a filthy swine.
You visited 1 branch of the dungeon, and saw 3 of its levels.
You also visited: Sewer.

You collected 124 gold pieces.

Inventory:

Hand Weapons
 a - a +0 trident (melded)
Missiles
 d - 3 throwing nets (quivered)
Armour
 b - a +1 leather armour (melded)
 c - a +0 helmet (melded)
 q - a +0 cloak (melded)
Jewellery
 u - a ring of protection from cold (melded)
Scrolls
 e - 6 scrolls of teleportation
 h - 2 scrolls of immolation
 k - 2 scrolls of enchant armour
 l - a scroll of recharging {unknown}
 m - a scroll of identify {unknown}
 n - a scroll of remove curse {unknown}
 p - a scroll of magic mapping
 v - 2 scrolls of blinking {unknown}
 x - 2 scrolls of noise {unknown}
Potions
 g - 2 potions of resistance {unknown}
 o - a potion of magic {unknown}
 r - 3 potions of curing
 s - 2 potions of heal wounds {unknown}
 t - a potion of haste {unknown}
 w - a potion of brilliance {unknown}
Comestibles
 f - 6 bread rations
 i - a slice of pizza
 j - 2 beef jerkies


   Skills:
 - Level 2.1 Fighting
 + Level 10.2 Polearms
 - Level 2.0 Throwing
 - Level 4.0 Dodging


You had 5 spell levels left.
You didn't know any spells.

Dungeon Overview and Level Annotations

Branches:
Dungeon (3/15)

Altars:

Annotations:
D:3 Natasha


Message History

Pain shoots through your body!
Natasha mumbles some strange words.
You hit Natasha.
Natasha is moderately wounded.
The shadow imp misses you.
Natasha casts a spell.
You closely miss Natasha.
Natasha is moderately wounded.
Your transformation is almost over.
The shadow imp hits you. Natasha claws you. The white imp closely misses you.
You hit Natasha.
Natasha is moderately wounded.
The shadow imp hits you.
* * * LOW HITPOINT WARNING * * *
Natasha claws you!
* * * LOW HITPOINT WARNING * * *
The white imp barely misses you.
It was a potion of curing.
You feel better. The shadow imp closely misses you. Natasha claws you!
You die...

## .. .# .# ##### 5#
#...###h###... #.....h5....#
# #...###5##### # ##.## .#
### #.# .. .. #.# ### ##+##
# #.# ##...###.### #.#####
##.....##.... #.....#
##.......#####
########....###.........####


You could see Natasha, a crimson imp, a white imp and a shadow imp.

Vanquished Creatures
  2 bullfrogs (Sewer)
  4 river rats
  9 adders
  2 oozes
  3 dart slugs
  4 leopard geckos
  3 orcs (D:3)
  3 giant cockroaches
  2 hobgoblins
  2 jackals (D:1)
  12 ball pythons
  6 bats
  8 frilled lizards
  5 goblins (D:2)
  4 kobolds
  30 rats
99 creatures vanquished.

Notes
Turn   | Place    | Note
-------+----------+-------------------------------------------
     0 | D:1      | ChaseSP the Merfolk Gladiator began the quest for the Orb.
     0 | D:1      | Reached XP level 1. HP: 16/16 MP: 1/1
    41 | D:1      | Reached skill level 5 in Polearms
    89 | D:1      | Reached XP level 2. HP: 22/22 MP: 2/2
   565 | D:2      | Reached XP level 3. HP: 22/27 MP: 3/3
   583 | D:2      | Reached skill level 6 in Polearms
   816 | D:2      | Found a faded altar of an unknown god.
  1130 | D:2      | Reached XP level 4. HP: 33/33 MP: 4/4
  1249 | D:2      | Reached skill level 7 in Polearms
  1453 | D:3      | Found a glowing drain.
  1499 | Sewer    | Entered a sewer
  1610 | Sewer    | Reached skill level 8 in Polearms
  1614 | Sewer    | Reached XP level 5. HP: 33/38 MP: 5/5
  1914 | Sewer    | Reached skill level 9 in Polearms
  1914 | Sewer    | Reached XP level 6. HP: 23/44 MP: 6/6
  2180 | Sewer    | Reached skill level 10 in Polearms
  2286 | D:3      | Noticed Natasha
  2295 | D:3      | HP: 2/44 [Natasha (10)]
  2296 | D:3      | Slain by Natasha

Vault maps used:
D:1:      erik_arrival_triangle_small, st_stairs_8
D:2:      first_bread, ecumenical_altar_2, minmay_vboxes
D:3:      portal_sewer_entry_b, trog_hazing_becter, uniq_natasha
Sewer:    sewer_minmay_w

Skill      XL: |  1  2  3  4  5  6 |
---------------+-------------------+-----
Polearms       | 5 6 8 9 10 | 10.2
Fighting       | |  2.1
Throwing       | |  2.0
Dodging        | |  4.0

Action                   |  1- 3 |  4- 6 || total
-------------------------+-------+-------++-------
Melee: Trident           |   118 |   194 ||   312
       Tailslap          |       |    23 ||    23
       Unarmed           |       |     7 ||     7
  Use: Scroll            |       |     4 ||     4
       Potion            |       |     1 ||     1
 Stab: Distracted        |     1 |       ||     1
  Eat: Chunk             |     1 |     3 ||     4
Armor: Leather armour    |    23 |    40 ||    63
Dodge: Dodged            |    60 |   151 ||   211
